 Dungeon Crawl Stone Soup version 0.19.0 (webtiles) character file.

667 CanadianGator the Shield-Bearer (level 7, 0/48 HPs)
             Began as an Octopode Fighter on Nov 22, 2016.
             Was an Initiate of Ru.
             Slain by an ice beast (10 damage)
             ... on level 5 of the Dungeon.
             The game lasted 00:14:27 (4431 turns).

CanadianGator the Shield-Bearer (Octopode Fighter)  Turns: 4431, Time: 00:14:27

Health: 0/48       AC:  1    Str: 15    XL:     7   Next: 57%
Magic:  7/7        EV: 13    Int: 10    God:    Ru [......]
Gold:   351        SH:  9    Dex: 10    Spells: 0 memorised, 6 levels left

rFire  . . .     SeeInvis .       - Unarmed
rCold  . . .     Gourm    .     a - +0 shield
rNeg   . . .     Faith    +     (helmet restricted)
rPois  .         Spirit   .     s - amulet of faith
rElec  .         Reflect  .     t - -4 ring of dexterity (curse)
rCorr  .         Harm     .     (no ring)
MR     .....                    (no ring)
Stlth  +++.......               (no ring)
                                (no ring)
                                (no ring)
                                (no ring)
                                (no ring)

@: no status effects
A: almost no armour, stealthy swim, amphibious, 8 rings, constrict 8, antennae
1, camouflage 1, regeneration 2, gelatinous body 1, subdued magic 1
a: Renounce Religion


You were on level 5 of the Dungeon.
You worshipped Ru.
Ru was noncommittal.
You were not hungry.

You visited 1 branch of the dungeon, and saw 5 of its levels.

You collected 351 gold pieces.

Inventory:

Armour
 a - a +0 shield (worn)
 q - a +0 chain mail
Jewellery
 s - an amulet of faith (around mantle)
 t - a cursed -4 ring of dexterity (left tentacle)
Scrolls
 g - 3 scrolls of identify
 h - 2 scrolls of enchant weapon {unknown}
 j - a scroll of enchant armour {unknown}
 m - 2 scrolls of random uselessness {unknown}
 n - a scroll of fear {unknown}
 o - a scroll of remove curse {unknown}
 p - a scroll of teleportation {unknown}
Potions
 b - 3 potions of might
 d - 3 potions of curing
 e - 2 potions of flight {unknown}
 f - a potion of haste
 k - a potion of resistance {unknown}
 l - 2 potions of lignification {unknown}
Comestibles
 c - a bread ration
 i - 2 beef jerkies
 r - 2 meat rations


   Skills:
 + Level 4.0 Fighting
 * Level 5.1 Dodging
 + Level 3.7 Stealth
 * Level 5.1 Shields
 * Level 4.1 Unarmed Combat


You had 6 spell levels left.
You didn't know any spells.

Dungeon Overview and Level Annotations

Branches:
Dungeon (5/15)             Temple (0/1) D:4

Altars:
Cheibriados
Dithmenos
Elyvilon
Nemelex Xobeh
Ru
Xom


Innate Abilities, Weirdness & Mutations

You cannot wear most types of armour.
You are very stealthy in the water. (Stealth+)
You are amphibious.
You can wear up to eight rings at the same time.
You can use your tentacles to constrict eight enemies at once.
Your skin changes colour to match your surroundings (Stealth+).
Your rubbery body absorbs attacks. (AC +1, EV +1)
You have a pair of small antennae on your head.
You heal very quickly.
Your spells are a little easier to cast, but a little less powerful.


Message History

The ice beast barely misses you.
You tentacle-slap the ice beast. You squeeze the ice beast.
The ice beast is heavily wounded.
The ice beast hits you. The ice beast freezes you!
You tentacle-slap the ice beast.
The ice beast is heavily wounded.
The ice beast closely misses you.
You tentacle-slap the ice beast. You squeeze the ice beast.
The ice beast is almost dead.
The ice beast hits you. The ice beast freezes you!
* * * LOW HITPOINT WARNING * * *
You are too injured to fight recklessly!
You feel better. The ice beast hits you.
* * * LOW HITPOINT WARNING * * *
The ice beast freezes you.
* * * LOW HITPOINT WARNING * * *
You feel better. The ice beast hits you.
* * * LOW HITPOINT WARNING * * *
The ice beast freezes you!
You die...

.>
....##.###.###.#
## ####.##.#
#.....# #.##.#
###.#####.#
#>##.# #.....?#
#.# #.#####.#
#.# #.# #.# #@#
#Y# #.# #.# ...
... ... ###..


You could see an ice beast.

Vanquished Creatures
  A sky beast (D:5)
  An ogre (D:4)
  A scorpion (D:4)
  4 hounds
  An orc wizard (D:4)
  An orc priest (D:3)
  A bullfrog skeleton (D:4)
  An iguana (D:5)
  2 worker ants
  7 adders
  2 oozes (D:3)
  An adder skeleton (D:4)
  An adder zombie (D:5)
  4 worms
  2 dart slugs
  3 leopard geckos
  6 orcs
  5 bats
  9 giant cockroaches
  9 goblins
  5 hobgoblins
  A quokka (D:4)
  3 ball pythons
  A frilled lizard (D:3)
  4 kobolds
  5 rats
81 creatures vanquished.

Notes
Turn   | Place    | Note
-------+----------+-------------------------------------------
     0 | D:1      | CanadianGator the Octopode Fighter began the quest for the Orb.
     0 | D:1      | Reached XP level 1. HP: 16/16 MP: 1/1
   131 | D:1      | Reached XP level 2. HP: 17/21 MP: 2/2
   587 | D:1      | Reached XP level 3. HP: 7/26 MP: 3/3
  1116 | D:2      | Found a white marble altar of Elyvilon.
  1125 | D:2      | Reached skill level 1 in Stealth
  1909 | D:2      | Reached XP level 4. HP: 28/31 MP: 4/4
  2172 | D:3      | Found a shadowy altar of Dithmenos.
  2188 | D:3      | Reached XP level 5. HP: 15/36 MP: 5/5
  2367 | D:3      | Found a sacrificial altar of Ru.
  2370 | D:3      | Found a snail-covered altar of Cheibriados.
  2373 | D:3      | Found a sparkling altar of Nemelex Xobeh.
  2606 | D:3      | Became a worshipper of Ru the Awakened
  3157 | D:4      | Reached XP level 6. HP: 38/42 MP: 6/6
  3172 | D:4      | Found a staircase to the Ecumenical Temple.
  3474 | D:4      | Reached XP level 7. HP: 18/47 MP: 7/7
  4002 | D:5      | Entered Level 5 of the Dungeon
  4044 | D:5      | Reached skill level 5 in Shields
  4346 | D:5      | Found a shimmering altar of Xom.
  4382 | D:5      | Reached skill level 5 in Dodging
  4386 | D:5      | Gained mutation: Your natural rate of healing is unusually fast. [mutagenic meat]
  4387 | D:5      | Gained mutation: Your spells are a little easier to cast, but a little less powerful. [mutagenic meat]
  4388 | D:5      | Gained mutation: You have a pair of small antennae on your head. [mutagenic meat]
  4389 | D:5      | Gained mutation: You heal very quickly. [mutagenic meat]
  4431 | D:5      | Slain by an ice beast

Skill      XL: |  1  2  3  4  5  6  7 |
---------------+----------------------+-----
Stealth        | 1 2 3 |  3.7
Dodging        | 4 5 |  5.1
Shields        | 4 5 |  5.1
Unarmed Combat | 3 4 |  4.1
Fighting       | 4 |  4.0

Action                   |  1- 3 |  4- 6 |  7- 9 || total
-------------------------+-------+-------+-------++-------
Melee: Unarmed           |    66 |   126 |    50 ||   242
       Constrict         |    22 |    28 |     9 ||    59
       Tentacles         |    17 |    32 |    13 ||    62
       Punch             |       |     3 |     1 ||     4
  Use: Scroll            |       |       |     2 ||     2
       Potion            |       |       |     2 ||     2
 Stab: Sleeping          |     6 |     6 |     4 ||    16
       Distracted        |       |     1 |       ||     1
  Eat: Bread ration      |     1 |       |     1 ||     2
       Chunk             |       |     2 |     6 ||     8
Armor: Skin              |     6 |     8 |     2 ||    16
Dodge: Dodged            |    27 |    44 |    13 ||    84
Block: Shield            |    22 |    33 |    11 ||    66
